 Dungeon Crawl Stone Soup version 0.23.2-1-ga50397a (webtiles) character file.

Game seed: 7148405349796631446

394 troglodite the Slasher (level 6, -2/50 HPs)
             Began as a Draconian Skald on May 16, 2019.
             Slain by an orc
             ... wielding a +0 flail
              (6 damage)
             ... on level 3 of the Dungeon.
             The game lasted 00:14:14 (4009 turns).

troglodite the Slasher (Draconian Skald)            Turns: 4009, Time: 00:14:14

Health: -2/50      AC:  6    Str: 13    XL:     6   Next: 51%
Magic:  4/9        EV: 13    Int: 14    God:
Gold:   174        SH:  0    Dex: 12    Spells: 3/10 levels left

rFire    . . .     SeeInvis .   a - +0 falchion
rCold    . . .     Gourm    .   j - +0 buckler
rNeg     . . .     Faith    .   (armour unavailable)
rPois    .         Spirit   .   t - +0 hat
rElec    .         Reflect  .   (no cloak)
rCorr    .         Harm     .   (no gloves)
MR       .....                  (no boots)
Stlth    +.........             (no amulet)
HPRegen  0.16/turn              (no ring)
MPRegen  0.11/turn              (no ring)

@: confused, lethally poisoned (-2 -> -3), infused (expiring)
A: unfitting armour, cold-blooded, AC +6
a: no special abilities


You were on level 3 of the Dungeon.
You were not hungry.

You visited 1 branch of the dungeon, and saw 4 of its levels.

You collected 174 gold pieces.

Inventory:

Hand Weapons
 a - a +0 falchion (weapon)
Armour
 j - a +0 buckler (worn)
 t - a +0 hat (worn)
Scrolls
 b - a scroll of immolation {unknown}
 d - 4 scrolls of teleportation {unknown}
 e - a scroll of fog {unknown}
 f - 3 scrolls of identify {unknown}
 h - a scroll of magic mapping {unknown}
 n - a scroll of remove curse {unknown}
 q - a scroll of blinking {unknown}
 s - a scroll of fear {unknown}
Potions
 g - 3 potions of degeneration {unknown}
 i - a potion of heal wounds {unknown}
 k - 2 potions of flight {unknown}
 l - 2 potions of brilliance {unknown}
 m - a potion of haste {unknown}
 o - 3 potions of lignification {unknown}
 p - a potion of curing {unknown}
 r - a potion of invisibility {unknown}
Comestibles
 c - 6 rations


   Skills:
 * Level 2.9 Fighting
 * Level 4.3 Long Blades
 * Level 3.5 Dodging
 * Level 2.1 Shields
 * Level 2.5 Spellcasting
 * Level 0.2 Hexes
 * Level 3.5 Charms
 * Level 0.2 Necromancy


You had 3 spell levels left.
You knew the following spells:

 Your Spells              Type           Power        Failure   Level  Hunger
a - Infusion              Chrm           ##..         7%          1    #......
b - Spectral Weapon       Hex/Chrm       #.......     36%         3    ###....
c - Regeneration          Chrm/Necr      #.........   36%         3    ###....

Your spell library contained the following spells:

 Spells                   Type           Power        Failure   Level  Hunger
 Song of Slaying          Chrm           ##......     10%         2    ###....
 Shroud of Golubria       Chrm/Tloc      #.........   22%         2    ###....


Dungeon Overview and Level Annotations

Branches:
Dungeon (4/15)
 Temple: D:4-7

Altars:
Cheibriados


Innate Abilities, Weirdness & Mutations

Your plain brown scales are hard. (AC +6)
You cannot fit into any form of body armour.
You are cold-blooded and may be slowed by cold attacks.


Message History

The puff of flame hits you!
* * * LOW HITPOINT WARNING * * *
The orc closely misses you.
You bump into the rock wall.
Something hits you.
* * * LOW HITPOINT WARNING * * *
You closely miss the orc.
Your tail-slap misses the orc.
The orc is severely wounded.
You feel sick. Something hits you but does no damage. The orc misses you.
You hear some strange, mumbled words.
You are more confused.
You miss the orc.
The orc is severely wounded.
Your magical infusion is running out.
The orc barely misses you.
You hear some strange, mumbled words.
Something tries to affect you, but you resist.
You bump into the rock wall.
The orc closely misses you. Something hits you.
* * * LOW HITPOINT WARNING * * *
You bump into the rock wall.
The orc hits you with a +0 flail.
You die...

..##........)..#.##..............
..##........)....##.##########...
..##.........)).....#........#...
..##................#.######.#...
..##................#.#....#.#...
..##................#.#.#.(#.#...
..##................#.#.####.#...
..##..........##o{..#.#......#..#
................@##.#.########..#
####...........####.#...........#
####...........####.##########..#
...#....)........##.............#
...#.#######.....##########.....#
####.#######.....# #######
#....)........### ###############


You could see an orc.

Vanquished Creatures
  A bullfrog zombie (D:3)
  An orc priest (D:3)
  Jessica (D:1)
  Natasha (thrice) (D:3)
  An orc wizard (D:2)
  2 worker ants (D:3)
  3 gnolls (D:3)
  6 adders
  An ooze (D:1)
  A worm (D:2)
  2 leopard geckos (D:1)
  9 orcs (D:3)
  3 ball pythons
  8 bats
  2 giant cockroaches
  6 goblins
  7 hobgoblins
  7 kobolds
  A quokka (D:3)
  A frilled lizard (D:3)
  9 rats
75 creatures vanquished.

Notes
Turn   | Place    | Note
-------+----------+-------------------------------------------
     0 | D:1      | troglodite the Draconian Skald began the quest for the Orb.
     0 | D:1      | Reached XP level 1. HP: 17/17 MP: 3/3
   141 | D:1      | Reached XP level 2. HP: 22/24 MP: 5/5
   648 | D:1      | Reached XP level 3. HP: 28/30 MP: 6/6
  1229 | D:2      | Noticed Jessica
  1239 | D:1      | Killed Jessica
  1421 | D:2      | Reached XP level 4. HP: 28/37 MP: 7/7
  1858 | D:2      | Found a snail-covered altar of Cheibriados.
  2178 | D:3      | Reached skill level 3 in Long Blades
  2236 | D:3      | Reached skill level 1 in Shields
  2256 | D:2      | Reached XP level 5. HP: 15/42 MP: 3/8
  2858 | D:3      | Learned a level 3 spell: Spectral Weapon
  2862 | D:3      | Learned a level 3 spell: Regeneration
  2866 | D:3      | Noticed Natasha
  2912 | D:3      | Killed Natasha
  2945 | D:3      | Noticed Natasha
  2962 | D:3      | Killed Natasha
  2962 | D:3      | Reached XP level 6. HP: 15/50 MP: 1/9
  3214 | D:3      | Reached skill level 4 in Long Blades
  3270 | D:3      | Noticed Natasha
  3277 | D:3      | Killed Natasha
  4009 | D:3      | Slain by an orc

Skill      XL: |  1  2  3  4  5  6 |
---------------+-------------------+-----
Charms         | 3 |  3.5
Long Blades    | 3 4 |  4.3
Shields        | 1 2 |  2.1
Dodging        | 3 |  3.5
Fighting       | |  2.9
Spellcasting   | |  2.5
Hexes          | |  0.2
Necromancy     | |  0.2

Action                   |  1- 3 |  4- 6 || total
-------------------------+-------+-------++-------
Melee: Falchion          |    77 |   198 ||   275
       Tailslap          |     6 |     9 ||    15
 Cast: Infusion          |     4 |    10 ||    14
       Regeneration      |       |     1 ||     1
 Stab: Sleeping          |       |     1 ||     1
  Eat: Chunk             |     2 |     5 ||     7
       Ration            |       |     1 ||     1
Armor: Skin              |    41 |    60 ||   101
Dodge: Dodged            |    74 |   125 ||   199
Block: Buckler           |     3 |    41 ||    44
       Rpst.: Falchion   |    24 |    24 ||    48
